Map: Oxide LE

Players

LiquidClem (Clem)

  • Race: Terran Terran
  • Spawn Location: 7:00

Stats - Winner!

  • Race: Protoss Protoss
  • Spawn Location: 1:00

Event: DreamHack SC2 Masters 2020 Winter

VOD

Have the link to the VOD?

Description

Time

  • Played on: Nov. 15, 2020, 9:23 a.m.
  • Length: 11:07

All games in this series

Show
View Real Time Build Order
Export as new Build Order

LiquidClem Terran 

Build Orders:  

Get SALT Encoding   

  12  0:00  SCV  
  13  0:12  SCV  
  14  0:16  Supply Depot  
  14  0:24  SCV  
  15  0:38  SCV  
  15  0:39  Barracks  
  16  0:43  Refinery  
  16  0:50  SCV  
  17  1:02  SCV  
  18  1:14  SCV  
  19  1:25  Marine  
  19  1:27  Orbital Command  
  20  1:39  Command Center  
  20  1:43  Barracks Tech Lab  
  20  1:53  SCV  
  21  1:55  Supply Depot  
  21  2:02  Concussive Shells, Marauder  
  23  2:16  SCV  
  23  2:17  Barracks  
  24  2:24  Marauder  
  24  2:28  SCV  
  27  2:32  Factory  
  27  2:38  Refinery  
  27  2:40  SCV  
  28  2:44  Marine  
  29  2:52  SCV  
  29  2:53  Orbital Command  
  30  3:02  Marine  
  30  3:05  SCV  
  32  3:09  Barracks Reactor  
  32  3:17  Widow Mine  
  32  3:18  SCV  
  34  3:20  Marine, SCV  
  34  3:23  Stimpack  
  34  3:26  Supply Depot  
  36  3:30  SCV  
  36  3:32  SCV  
  38  3:38  Marine  
  38  3:41  Starport  
  39  3:42  SCV  
  39  3:44  SCV  
  39  3:47  Marine  
  42  3:49  Marine  
  42  3:50  Factory Reactor  
  42  3:54  SCV  
  44  3:57  SCV  
  44  4:02  Supply Depot  
  45  4:03  Marine  
  45  4:06  Marine  
  45  4:07  SCV  
  48  4:10  SCV  
  48  4:11  Supply Depot  
  48  4:12  Marine  
  50  4:19  SCV  
  50  4:20  Marine  
  50  4:24  Marine  
  50  4:25  Engineering Bay  
  50  4:28  SCV  
  50  4:30  Marine  
  53  4:32  SCV  
  53  4:33  Factory Tech Lab  
  53  4:34  Medivac  
  53  4:36  Medivac  
  58  4:40  SCV  
  58  4:41  Marauder  
  58  4:44  Supply Depot  
  61  4:46  SCV  
  61  4:51  Marine  
  61  4:52  SCV, Refinery  
  64  4:53  Marine  
  64  4:58  SCV  
  66  5:01  Terran Infantry Weapons Level 1  
  66  5:02  Barracks  
  66  5:04  SCV  
  67  5:10  SCV  
  67  5:13  Refinery  
  68  5:14  Supply Depot, Marine  
  68  5:15  Marine x2  
  68  5:18  SCV  
  72  5:22  Siege Tank  
  72  5:27  SCV  
  72  5:28  Supply Depot  
  76  5:31  SCV, Starport Reactor  
  77  5:36  Marine x2, Supply Depot  
  77  5:39  SCV  
  80  5:43  Marine, SCV  
  80  5:47  Supply Depot  
  82  5:54  Combat Shield, Marine  
  82  5:56  Siege Tank  
  86  6:00  Marine x2  
  86  6:01  Supply Depot  
  86  6:03  Marine x2  
  90  6:10  Medivac, Supply Depot  
  92  6:12  Marine  
  92  6:14  Medivac  
  93  6:19  Supply Depot  
  93  6:21  Marine x2  
  93  6:22  Marine  
  96  6:28  Siege Tank  
  96  6:29  Marine x2  
  101  6:34  Supply Depot  
  101  6:42  Command Center  
  100  6:47  Marine x3  
  100  6:51  Marine  
  100  6:55  Medivac, Supply Depot  
  100  6:56  Medivac  
  100  6:58  Marauder  
  106  7:02  Terran Infantry Armor Level 1  
  95  7:09  Marine x2  
  95  7:13  Siege Tank  
  93  7:19  Marauder  
  91  7:24  SCV x2  
  91  7:26  Barracks Tech Lab, Barracks x2  
  91  7:28  Viking  
  95  7:31  Viking  
  95  7:33  Marine x2  
  99  7:41  Marauder  
  99  7:43  SCV x2  
  103  7:47  Siege Tank  
  103  7:49  Marauder  
  108  7:54  Missile Turret  
  108  7:57  Missile Turret  
  108  8:00  Orbital Command  
  108  8:01  SCV  
  108  8:03  Marine  
  108  8:06  SCV  
  108  8:07  Marine  
  108  8:10  Marauder  
  104  8:13  SCV  
  104  8:18  SCV, Marine x2  
  109  8:20  Marauder  
  109  8:25  SCV  
  109  8:26  Viking  
  112  8:31  Marine  
  112  8:32  Marauder  
  101  8:34  SCV  
  101  8:37  Marine x2  
  95  8:41  Marauder  
  95  8:42  Marine  
  95  8:43  Marine  
  95  8:46  SCV  
  96  8:50  SCV  
  96  8:53  Marauder  
  99  8:56  Viking, Orbital Command  
  99  9:00  Siege Tank  
  106  9:03  Marauder  
  106  9:08  Marine x2  
  108  9:10  Marine x2, Ghost Academy  
  108  9:14  SCV x2  
  112  9:18  Viking  
  114  9:25  SCV  
  114  9:26  SCV x2  
  114  9:28  Viking  
  119  9:35  Siege Tank  
  119  9:36  Marine x2  
  119  9:37  SCV, Marine x2  
  124  9:39  Marauder  
  124  9:42  Ghost  
  128  9:46  Barracks Tech Lab  
  128  9:48  SCV x2  
  128  9:51  Viking  
  132  9:58  Viking  
  134  10:00  Marine x2  
  134  10:01  Marine x2, Marauder  
  134  10:04  Supply Depot  
  140  10:07  Siege Tank  
  140  10:10  Ghost  
  140  10:13  Supply Depot  
  144  10:16  SCV x2  
  144  10:17  Ghost  
  148  10:22  Marine x2  
  148  10:23  Marine x2  
  148  10:25  Supply Depot  
  148  10:26  Viking  
  89  10:28  Viking  
  154  10:31  Refinery  
  154  10:35  Marine  
  157  10:38  Marine  
  157  10:40  Marine x2  
  163  10:47  Marine x2  
Show
View Real Time Build Order
Export as new Build Order

Stats Protoss - Winner!

Build Orders: 1 Gate Expand, Oracle Opening, Phoenix Opening, Colossus Rush 

Get SALT Encoding   

  12  0:00  Probe  
  13  0:12  Probe  
  14  0:19  Pylon  
  14  0:24  Probe  
  15  0:37  Probe (Chrono Boost)  
  15  0:38  Gateway  
  16  0:46  Probe (Chrono Boost)  
  16  0:47  Assimilator  
  17  0:51  Probe (Chrono Boost)  
  18  1:03  Probe  
  19  1:15  Probe  
  20  1:26  Cybernetics Core  
  20  1:32  Nexus  
  20  1:35  Probe  
  21  1:41  Pylon  
  21  1:47  Assimilator  
  21  1:50  Probe  
  22  1:59  Adept (Chrono Boost)  
  22  2:02  Probe  
  25  2:14  Probe  
  26  2:23  Stargate  
  26  2:26  Probe (Chrono Boost)  
  26  2:27  Adept  
  30  2:37  Probe (Chrono Boost)  
  30  2:41  Warp Gate  
  30  2:42  Probe (Chrono Boost)  
  31  2:45  Probe  
  32  2:53  Probe  
  32  2:57  Probe  
  34  3:01  Shield Battery  
  35  3:07  Probe (Chrono Boost)  
  35  3:09  Probe (Chrono Boost), Oracle  
  41  3:20  Probe (Chrono Boost)  
  41  3:22  Probe (Chrono Boost)  
  41  3:23  Pylon  
  41  3:25  Probe (Chrono Boost)  
  41  3:31  Probe  
  41  3:32  Robotics Facility  
  43  3:34  Assimilator  
  43  3:36  Assimilator, Probe  
  44  3:43  Pylon  
  44  3:46  Probe (Chrono Boost)  
  44  3:47  Phoenix  
  47  3:49  Probe (Chrono Boost)  
  47  3:51  Gateway  
  49  3:58  Probe (Chrono Boost)  
  49  3:59  Probe (Chrono Boost)  
  50  4:03  Probe (Chrono Boost)  
  50  4:06  Pylon  
  50  4:07  Probe  
  52  4:12  Phoenix  
  52  4:15  Probe  
  55  4:19  Probe  
  55  4:23  Robotics Bay  
  55  4:24  Observer  
  54  4:33  Sentry  
  56  4:39  Gateway  
  56  4:40  Probe x2  
  56  4:41  Phoenix  
  56  4:45  Pylon  
  60  4:48  Immortal (Chrono Boost)  
  64  5:00  Shield Battery  
  64  5:06  Phoenix, Shield Battery  
  66  5:07  Nexus  
  66  5:17  Zealot  
  66  5:18  Zealot  
  70  5:21  Colossus (Chrono Boost)  
  71  5:31  Pylon  
  71  5:33  Pylon  
  71  5:36  Extended Thermal Lance  
  71  5:54  Zealot x3  
  71  5:56  Phoenix  
  79  6:01  Pylon  
  79  6:03  Pylon  
  79  6:06  Colossus (Chrono Boost)  
  85  6:16  Probe x2  
  86  6:21  Phoenix  
  88  6:29  Pylon  
  88  6:31  Nexus  
  88  6:34  Probe x2  
  90  6:41  Pylon  
  90  6:44  Pylon  
  90  6:46  Phoenix  
  92  6:50  Colossus (Chrono Boost)  
  98  6:58  Zealot x3  
  104  7:08  Observer  
  98  7:15  Phoenix  
  98  7:20  Probe x2  
  100  7:27  Forge  
  100  7:32  Twilight Council  
  100  7:34  Zealot, Sentry  
  100  7:35  Zealot  
  106  7:41  Probe x2 (Chrono Boost)  
  106  7:43  Probe (Chrono Boost)  
  109  7:47  Nexus  
  109  7:48  Pylon  
  109  7:49  Forge  
  109  7:52  Probe x2 (Chrono Boost)  
  109  7:53  Probe (Chrono Boost)  
  109  7:54  Observer  
  113  7:58  Probe x2  
  113  7:59  Probe  
  116  8:11  Protoss Ground Weapons Level 1 (Chrono Boost)  
  116  8:16  Probe x3  
  116  8:17  Charge  
  119  8:21  Gateway  
  119  8:23  Gateway  
  119  8:26  Gateway  
  117  8:38  Protoss Ground Armor Level 1 (Chrono Boost)  
  115  8:45  Zealot x3, Probe x3  
  124  8:51  Gateway  
  124  8:52  Gateway, Templar Archives  
  124  8:55  Gateway  
  124  8:56  Gateway  
  124  8:57  Shield Battery  
  124  8:59  Shield Battery  
  124  9:00  Probe x4  
  128  9:03  Dark Shrine  
  128  9:17  Stalker x4  
  132  9:19  Pylon  
  136  9:26  Zealot x2  
  136  9:29  Pylon  
  136  9:30  Shield Battery  
  140  9:39  Pylon  
  140  9:40  High Templar  
  140  9:41  High Templar x3, Pylon  
  140  9:44  Pylon  
  140  9:45  Archon x2  
  148  9:48  Zealot x5  
  148  9:52  Assimilator  
  158  9:54  Assimilator  
  158  9:58  Zealot  
  161  10:00  Probe x4  
  164  10:12  Zealot x5  
  174  10:21  High Templar x2  
  174  10:22  Zealot x2  
  174  10:23  Zealot  
  174  10:26  Archon  
  182  10:40  Dark Templar  
  182  10:42  Zealot x5  
  188  10:43  Zealot x2  
  176  10:57  Zealot x2  
Tags
 
Add a new tag
Caveats
  • Supply blocks, unpowered buildings, or Contaminate may cause inaccurate times.
  • Supply counts are checked every 10 seconds.